Unix NetHack Version 5.0.0-0 post-release - last build May 30 2026 05:04:26 (55804bc15828dd6e32e9076e0726aa6fccb6e981,branch:main).

Game began 2026-05-30 13:38:24, ended 2026-05-30 15:50:14.

Japes, lawful female human Valkyrie

                 --------
                 |......|
 -------     ####-....^.|
 |.....|     #   |......|
 |.[...|    ##   -|------
 |.....|   ##     ###
 |.....|   #        #
 ---.-.-   #        #
    # #    #        ###
    # #   ##          #
    # #   #          -|-----        ----
    # #   #          |.....|       |%\.|
   -|-.-- #          |.....-#####d@h)...
   |....| #          |.....|       |...|
   |.%...##          |.....|        (..|
   |...<|            |.....|        ----
   ------            --|-|--
                       # #

Japes the Fighter           St:18/04 Dx:12 Co:17 In:7 Wi:9 Ch:8  Lawful
Dlvl:5  $:96 HP:0(53) Pw:11(11) AC:5  Xp:6/371 T:2976 

Latest messages:
 The gnome lady wakes up.
 The dwarf queen wakes up.
 The gnome lady wields a crossbow!
 The kobold lady hits!
 You miss the large kobold.
 The large kobold hits!
 The dwarf queen picks up an orcish helm.
 You kill the large kobold!
 You already found a monster.  Use 'm' prefix to force another search.
 You hit the gnome lord!
 You hit the gnome lord!
 The hobgoblin strikes at your displaced image and misses you!
 The gnome lord hits!
 The kobold lady throws 2 darts!
 The 1st dart hits the gnome lord.
 The gnome lord is killed!
 The 2nd dart misses you.
 The 2nd dart misses the dog.
 The gnome lady shoots 3 crossbow bolts!
 The 1st crossbow bolt hits the kobold lady.
 The 2nd crossbow bolt misses the kobold lady.
 You are hit by the 2nd crossbow bolt.
 The 3rd crossbow bolt misses the kobold lady.
 You are almost hit by the 3rd crossbow bolt.
 The dwarf queen throws a dagger!
 The dagger hits the kobold lady.
 The kobold lady picks up a dart.
 The dwarf queen picks up a dagger.
 You hear the footsteps of a guard on patrol.
 You hit the kobold lady.
 The gnome lady shoots 2 crossbow bolts!
 The 1st crossbow bolt hits the hobgoblin.
 The hobgoblin is killed!
 The 2nd crossbow bolt hits the dwarf queen.
 You miss the kobold lady.
 You kill the kobold lady!
 The dwarf queen picks up 4 darts.
 You hit the dwarf queen!
 The dwarf queen swings her scimitar.
 The dwarf queen hits!
 The dwarf queen swings her scimitar.
 The dwarf queen hits again!
 You hit the dwarf queen.
 The dwarf queen swings her scimitar.
 The dwarf queen hits!
 The dwarf queen swings her scimitar.
 The dwarf queen hits again!
 You die...
 Do you want your possessions identified? [ynq] (y)
 Do you want to see your attributes? [ynq] (y)

Inventory:
 Coins    ('$')
  $ - 96 gold pieces
 Weapons  (')')
  b - 9 +0 daggers (alternate weapons; not wielded)
  a - a +0 silver saber (weapon in right hand)
 Armor    ('[')
  s - an uncursed burnt +0 pair of leather gloves (being worn)
  t - an uncursed +0 pair of elven boots
  u - an uncursed +0 pair of kicking boots (being worn)
  c - an uncursed +3 small shield (being worn)
  r - a cursed -1 cloak of displacement (being worn)
 Comestibles  ('%')
  d - 5 uncursed food rations
 Rings    ('=')
  A - an uncursed ring of shock resistance (on right hand)
  K - a cursed ring of teleportation named cur
 Wands    ('/')
  i - a wand of lightning (0:3)
 Tools    ('(')
  w - an uncursed magic whistle
  f - a cursed skeleton key
  I - an uncursed stethoscope
  M - 7 uncursed tallow candles
  m - an uncursed tin whistle
 Gems/Stones  ('*')
  p - an uncursed amethyst stone
  D - an uncursed black opal
  F - an uncursed fluorite stone
  j - 2 uncursed worthless pieces of orange glass

Japes the Valkyrie's attributes:

Background:
 You were a Fighter, a level 6 human Valkyrie.
 You were lawful, on a mission for Tyr
 who was opposed by Odin (neutral) and Loki (chaotic).
 You were right-handed.
 You were in the Dungeons of Doom, on level 5.
 You entered the dungeon 2976 turns ago.
 You had 371 experience points, 269 more were needed to attain level 7.

Basics:
 You had 0 out of 53 hit points.
 You had all 11 energy points (spell power).
 Your armor class was 5.
 Your wallet contained 96 zorkmids.
 Autopickup was on for '$' plus thrown.

Final Characteristics:
 Your strength was 18/04 (limit:18/100).
 Your dexterity was 12 (limit:18).
 Your constitution was 17 (limit:18).
 Your intelligence was 7 (limit:18).
 Your wisdom was 9 (limit:18).
 Your charisma was 8 (limit:18).

Final Status:
 You weren't hungry.
 You were unencumbered.
 You were wielding a saber.
 You were unskilled in saber.

Final Attributes:
 You were piously aligned.
 You were cold resistant.
 You were shock resistant.
 Your items were protected from electric shocks.
 You were telepathic.
 You were displaced.
 You were stealthy.
 You were warded.
 You were fast.
 You are dead.

Miscellaneous:
 You didn't encounter any bones levels.
 Total elapsed playing time was 40 minutes and 15 seconds.

Major events:
 Turn
    1: Japes the lawful human Valkyrie entered the dungeon
  498: entered the Gnomish Mines
  943: attained the rank of Skirmisher (level 3)
 2033: reached Mine Town
 2656: attained the rank of Fighter (level 6)
 2976: killed by a dwarf queen

You didn't know any spells.

Skills:
 Fighting Skills
   bare handed combat [Unskilled]
   two weapon combat  [Unskilled]
   riding             [Unskilled]
 Weapon Skills
   dagger             [Basic]
   axe                [Unskilled]
   pick-axe           [Unskilled]
   short sword        [Unskilled]
   broadsword         [Unskilled]
   long sword         [Unskilled]
   two-handed sword   [Unskilled]
   saber              [Unskilled]
   hammer             [Unskilled]
   quarterstaff       [Unskilled]
   polearms           [Unskilled]
   spear              [Basic]
   trident            [Unskilled]
   lance              [Unskilled]
   sling              [Unskilled]
 Spellcasting Skills
   attack spells      [Unskilled]
   escape spells      [Unskilled]

Voluntary challenges:
 Character rerolling was not enabled.
 You never genocided any monsters.
 You never polymorphed an object.
 You never changed form.
 You used no wishes.
Achievements:
 You entered the Gnomish Mines.
 You entered a shop.
 You attained the rank of Skirmisher.
 You entered Minetown.
 You entered a temple.
 You attained the rank of Fighter.

 The Dungeons of Doom: levels 1 to 5
    Level 1:
    Level 2:
       A general store, some fountains.
       Stairs down to The Gnomish Mines.
    Level 3: "silver saber"
       An armor shop, an altar, a fountain.
    Level 4:
       Many fountains, a grave.
    Level 5: <- You were here.
       A throne.
       Final resting place for
          you, killed by a dwarf queen.
 The Gnomish Mines: levels 3 to 6
    Level 3:
    Level 4:
    Level 5:
    Level 6:
       Many shops, a temple and an altar, some fountains, some trees.


Vanquished creatures:
  2 small mimics
  a fog cloud
  a shrieker
  a violet fungus
  5 gnome leaders
  a floating eye
  3 dwarves
  a kobold leader
  5 hill orcs
  2 rothes
  2 iguanas
  2 acid blobs
  2 hobbits
  6 manes
  3 large kobolds
  2 hobgoblins
  2 giant rats
  2 cave spiders
  a red mold
 23 gnomes
  a garter snake
  3 geckos
  3 jackals
  2 kobolds
  3 grid bugs
  4 lichens
  a kobold zombie
  7 newts
91 creatures vanquished.

No species were genocided or became extinct.

Game over:
                       ----------
                      /          \
                     /    REST    \
                    /      IN      \
                   /     PEACE      \
                  /                  \
                  |      Japes       |
                  |      96 Au       |
                  |   killed by a    |
                  |   dwarf queen    |
                  |                  |
                  |                  |
                  |       2026       |
                 *|     *  *  *      | *
        _________)/\\_//(\/(/\)/\//\/|_)_______

Farvel Japes the Valkyrie...

You died in The Dungeons of Doom on dungeon level 5 with 1891 points,
and 96 pieces of gold, after 2976 moves.
You were level 6 with a maximum of 53 hit points when you died.

